Hassan, lawful male human Barbarian ----------- --------- ---.........| ----.......---- |...........-# #.....-- -- ...| |...........|# #|....| ...| |......%....|# #|....-----....| #%#-.........---# ##----...[>..- ## ----.------ # # -----|--- -------- # ### ## ### # |.......---- # ##### # # ## |..........| # # # # ## |..........| # ### # # #### |..........|## #####`############### -------- |..........-# # #### # --.-.- #####.......| |..........| #----|---# |<....#[## |.[{...| ------------ #..*....|# |....| |...%).| |......|# |....| -------- ----|--- ------ # Hassan the Barbarian Experience level: 11 Strength: 18/01 Dexterity: 18 Constitution: 18 Intelligence: 7 Wisdom: 7 Charisma: 8 Health: 110(110) Energy: 23(23) Def: 11 Gold: 783 Moves: 9380 Dungeon seed [set]: Game ID: Hassan_1643637664 Your Inventory: Coins $ - 783 gold pieces Weapons u - a blessed +3 elven broadsword named Sword of Glory Z - a blessed rustproof +5 battle-axe (weapon in hands) Armor f - a blessed greased +0 pair of iron shoes (being worn) r - a blessed +0 dwarvish iron helm (being worn) z - an uncursed +0 dwarvish mithril-coat (being worn) H - an uncursed +0 cloak of invisibility (being worn) Comestibles g - 3 uncursed lumps of royal jelly v - an uncursed melon x - an uncursed cream pie F - an uncursed pear J - 2 uncursed food rations K - an uncursed carrot Rings n - an uncursed ring of polymorph control (on right hand) V - an uncursed ring of slow digestion (on left hand) Wands k - an uncursed wand of make invisible named invisi (0:3) p - an uncursed wand of magic missile (0:1) E - an uncursed wand of striking (0:4) G - an uncursed wand of enlightenment (0:15) I - an uncursed wand of fire (0:3) M - an uncursed wand of slow monster (0:4) Tools t - an uncursed bag of holding B - an uncursed lock pick C - an uncursed credit card L - an uncursed tallow candle (0:200) P - an uncursed blindfold Q - an uncursed -1 unicorn horn Y - an uncursed expensive camera (0:36) Gems q - an uncursed worthless piece of yellow glass Contents of the bag of holding: 10 uncursed [+0] darts 2 [uncursed] scrolls of earth named earth a blessed scroll of enchant armor an uncursed scroll of enchant armor an uncursed scroll of identify an uncursed scroll of magic mapping 2 uncursed scrolls of remove curse 3 uncursed scrolls of scare monster an uncursed scroll of taming an uncursed potion of gain energy an uncursed potion of hallucination an uncursed potion of healing an uncursed potion of paralysis named gain ability an uncursed potion of speed an uncursed potion of water an uncursed worthless piece of blue glass 2 uncursed worthless pieces of green glass Spells and supernatural/magical abilities: Name Level Category Fail Memory W - pray for help -- divine ? -- Your skills at the end: Miscellaneous Skills bare handed combat [Basic] Weapon Skills axe [Master] short sword [Basic] scimitar [Basic] Spellcasting Skills Final Attributes: You were piously aligned. You were poison resistant. Your writing hand was ok. You were invisible. You had slower digestion. You had polymorph control. You were fast. You are dead. Vanquished creatures: a ghost a queen bee a mind flayer an Elvenking 2 large mimics a long worm a stalker a water elemental an elf-lord 3 wargs a quantum mechanic 6 small mimics 2 warhorses a xan an ettin mummy an ogre lord a wood golem a flaming sphere 2 shocking spheres a gargoyle a crocodile 3 giants 2 elf mummies a human mummy a red naga 2 Grey-elves a python 3 black bears an ettin zombie a succubus an incubus 3 giant beetles 3 cockatrices 5 wolves a winter wolf cub a black light a lynx 25 gremlins 3 leprechauns a spotted jelly 3 lizards an orc-captain a mumak 4 giant spiders an iron piercer 2 horses an ice vortex 3 gnome kings an orc mummy 3 ogres 2 brown puddings an owlbear a yeti a dingo 3 housecats 2 jaguars a dwarf lord a blue jelly a gray unicorn 2 ravens 8 Woodland-elves 5 apes a rope golem 2 soldier ants a yellow light 2 imps 11 Mordor orcs a rock piercer 3 fog clouds a shrieker 2 violet fungi 16 gnome lords 3 gnomish wizards a kobold mummy a black naga hatchling a gray ooze 2 elf zombies a ghoul a straw golem 4 giant ants a puppy 4 floating eyes 3 dwarves 2 homunculi 2 kobold lords 2 kobold shamans 6 iguanas 18 hill orcs 5 rothes a rabid rat a centipede 3 jitterbugs 3 giant bats a monkey an orc zombie a dwarf zombie a wererat 23 killer bees a coyote a gas spore a hobbit 4 acid blobs a large kobold 4 geckos 3 hobgoblins 3 giant rats a cave spider a yellow mold a green mold 53 gnomes 11 garter snakes 2 manes a gnome zombie 10 jackals a fox 3 kobolds 6 newts 2 goblins 2 sewer rats 17 grid bugs 2 bats 4 lichens a kobold zombie 406 creatures vanquished. Voluntary challenges: You did not cause conflict. You did not have reflection. You were not displaced. You did not donate to any temples.. You used a wielded weapon 541 times, starting on turn 64. You did not use plumbed fixtures. You did not drink any magical draughts. You read items or engraved 10 times, starting on turn 3893. You never genocided any monsters. You never polymorphed an object. You changed form 1 time, starting on turn 7537. You used no wishes. You did not use any artifacts. You never split a pudding. You never wrote Elbereth's name. You never violated your personal moral code. Dungeon overview: The Dungeons of Doom: levels 1 to 18 Level 1 some fountains a long staircase Level 2 a vault, a fountain Level 3 a weapon shop, some fountains Level 4 a vault, a sink stairs to The Gnomish Mines Level 5 a vault, a scroll shop, an altar to Crom Level 6 Level 7 a fountain Level 8 many fountains Level 9 stairs to Sokoban Level 10 a general store, a fountain Level 11 a general store Level 12 <- You were here an altar to Mitra, some fountains Level 13 a vault, a shop, an altar to Set, a sink Level 14 Level 15 Level 16 a vault Level 17 a general store, a fountain Level 18 The Gnomish Mines: levels 5 to 11 Level 5 stairs to The Dungeons of Doom Level 6 Level 7 Level 8 many shops, a temple to Set, a magic chest, some fountains, some trees Level 9 Level 10 Level 11 Sokoban: levels 7 to 8 Level 7 Level 8 a magic chest stairs to The Dungeons of Doom History has recorded: On T:1 you entered the Dungeons of Doom to retrieve the Amulet of Yendor! On T:164 you became devout. On T:314 you reached level 2 of The Dungeons of Doom. On T:468 you became pious. On T:481 you advanced to experience level 2. On T:662 you reached level 3 of The Dungeons of Doom. On T:849 you reached level 4 of The Dungeons of Doom. On T:858 you advanced to experience level 3. On T:1009 you reached level 1 of The Gnomish Mines. On T:1013 you advanced to experience level 4. On T:1028 you advanced to experience level 5. On T:1122 you reached level 2 of The Gnomish Mines. On T:1240 you reached level 4 of The Gnomish Mines. On T:1254 you advanced to experience level 6. On T:1405 you entered the Minetown temple On T:1413 you opened a magic chest. On T:1720 you reached level 5 of The Gnomish Mines. On T:2000 you advanced to experience level 7. On T:2195 you reached level 6 of The Gnomish Mines. On T:2297 you reached level 3 of The Gnomish Mines. On T:2749 you reached level 5 of The Dungeons of Doom. On T:2933 you reached level 6 of The Dungeons of Doom. On T:2966 you advanced to experience level 8. On T:3069 you reached level 7 of The Dungeons of Doom. On T:3214 you reached level 9 of The Dungeons of Doom. On T:3286 you reached level 4 of Sokoban. On T:3572 you reached level 3 of Sokoban. On T:3631 you reached level 10 of The Dungeons of Doom. On T:3755 you reached level 8 of The Dungeons of Doom. On T:5107 you advanced to experience level 9. On T:5483 you reached level 11 of The Dungeons of Doom. On T:6546 you reached level 7 of The Gnomish Mines. On T:7205 you reached level 12 of The Dungeons of Doom. On T:7444 you reached level 13 of The Dungeons of Doom. On T:7660 you reached level 14 of The Dungeons of Doom. On T:7701 you advanced to experience level 10. On T:8117 you reached level 15 of The Dungeons of Doom. On T:8117 you entered the Rogue tribute level. On T:8678 you reached level 16 of The Dungeons of Doom. On T:8957 you reached level 17 of The Dungeons of Doom. On T:8997 you reached level 18 of The Dungeons of Doom. On T:9002 you advanced to experience level 11. Score breakdown: Gold: 783 ( 78 points) Experience: 11 levels ( 1000 points) Exploration: 18 levels ( 510 points) Discoveries: 34 items ( 1700 points) Variety of kills: 123 monsters ( 2000 points) Major goal: reached Minetown ( 500 points) Survival: died (score multiplied by 3) Total score: 17364 Latest messages: Never mind. R - a blessed scroll of create monster. As you read the scroll, it disappears. The dagger hits the cockatrice. The dagger hits the cockatrice. You swing your battle-axe in a tremendous arc. You kill the cockatrice! There is an altar to Mitra (lawful) here. You see here a cockatrice corpse. Touching the cockatrice corpse is a fatal mistake... You turn to stone... Final status: Goodbye Hassan the Barbarian, petrified by sacrificing a cockatrice corpse... You turned to stone in The Dungeons of Doom on dungeon level 12 with 17364 points, and 783 pieces of gold, after 9380 moves. You were level 11 with a maximum of 110 hit points when you turned to stone.